 Dungeon Crawl Stone Soup version 0.16-a0-2622-gbfab2ba (webtiles) character file.

18694 Fiveotanaka the Bludgeoner (level 12, -13/119 HPs)
             Began as an Ogre Berserker on Nov 21, 2014.
             Was a High Priest of Trog.
             Shot with a poisoned arrow by Nessos (19 damage)
             ... on level 12 of the Dungeon on Nov 22, 2014.
             The game lasted 00:56:18 (13240 turns).

Fiveotanaka the Bludgeoner (Ogre Berserker)        Turns: 13240, Time: 00:56:18

Health: -13/119    AC: 17    Str: 30    XL:     12   Next: 61%
Magic:  12/12      EV: 20    Int:  6    God:    Trog [*****.]
Gold:   372        SH:  0    Dex: 16    Spells: 0 memorised, 11 levels left

rFire  + . .     SeeInvis .     T - +5 great mace (protect) (curse)
rCold  + . .     Clarity  .     o - +1 robe {rC+ rF+}
rNeg   . . .     SustAb   .     (shield restricted)
rPois  +         Gourm    .     M - +1 hat {MR+}
rElec  +         Spirit   .     P - +0 cloak of Leapfrog {Str+2 Dex+3}
rCorr  .         Warding  .     (gloves unavailable)
rMut   .         Stasis   .     (boots unavailable)
MR     ++...                    H - amulet of regeneration
Stlth  +.........               D - +2 ring of evasion
                                X - ring "Plag Ekkukeh" {Wiz +Blink rElec Str+1}

@: very resistant to hostile enchantments, very unstealthy
A: unfitting armour, claws 1, iridescent scales 1, thin metallic scales 1,
poison resistance, strong 1, tough skin 1, evolution 1
a: Burn Spellbooks, Berserk, Trog's Hand, Brothers in Arms, Renounce Religion,
Evoke Blink


You were on level 12 of the Dungeon.
You worshipped Trog.
Trog was extremely pleased with you.
You were not hungry.

You visited 1 branch of the dungeon, and saw 12 of its levels.
You also visited: Ossuary.

You collected 636 gold pieces.
You spent 264 gold pieces at shops.

Inventory:

Hand weapons
 T - a cursed +5 great mace of protection (weapon)
Missiles
 A - 5 large rocks (quivered)
Armour
 o - a +1 robe of resistance (worn)
 K - the -2 hat of the Alchemist {rElec rPois rF+ rC+ rN+ MR+ rMut rCorr}
   (You found it on level 11 of the Dungeon)

   It protects you from fire.
   It protects you from cold.
   It insulates you from electricity.
   It protects you from poison.
   It protects you from negative energy.
   It affects your resistance to hostile enchantments.
   It protects you from acid and corrosion.
   It protects you from mutation.
 M - a +1 hat of magic resistance (worn)
 P - the +0 cloak of Leapfrog (worn) {Str+2 Dex+3}
   (You bought it in a shop on level 7 of the Dungeon)

   It affects your strength (+2).
   It affects your dexterity (+3).
Jewellery
 v - an uncursed ring of ice
 z - an uncursed ring of flight
 D - a +2 ring of evasion (right claw)
 H - an amulet of regeneration (around neck)
 R - an uncursed ring of stealth
 X - the ring "Plag Ekkukeh" (left claw) {Wiz +Blink rElec Str+1}
   (You found it on level 10 of the Dungeon)

   [ring of wizardry]

   It improves your spell success rate.
   It affects your strength (+1).
   It insulates you from electricity.
   It lets you blink.
 Y - an uncursed amulet of resist mutation
Magical devices
 t - a wand of fireball (5)
 I - a wand of digging (12)
 O - a wand of cold (13)
 S - a wand of magic darts (20)
 U - a wand of cold (4)
 W - a wand of draining (0)
Scrolls
 e - 6 scrolls of enchant weapon
 f - 5 scrolls of enchant armour
 h - 6 scrolls of teleportation
 n - 7 scrolls of recharging
 p - 5 scrolls of remove curse
 r - a scroll of blinking {unknown}
 y - a scroll of vulnerability {unknown}
 B - 2 scrolls of holy word {unknown}
 F - 3 scrolls of fear
 G - 2 scrolls of magic mapping
 J - 2 scrolls of immolation {unknown}
 L - a scroll of noise {unknown}
 Q - a scroll of summoning
 Z - a scroll of identify
Potions
 b - 2 potions of mutation
 i - a potion of restore abilities {unknown}
 j - 2 potions of cancellation
 k - 4 potions of brilliance
 l - 3 potions of magic
 q - 4 potions of curing
 u - 2 potions of might
 w - a potion of invisibility {unknown}
 x - 2 potions of agility {unknown}
 C - 3 potions of resistance
 E - a potion of confusion {unknown}
 N - 2 potions of lignification
 V - a potion of cure mutation {unknown}
Comestibles
 a - 5 bread rations
 c - 2 meat rations
 d - 2 slices of pizza
 m - 2 fruits
 s - a beef jerky


   Skills:
 + Level 7.7 Fighting
 + Level 17.8 Maces & Flails
 - Level 1.7 Armour
 + Level 12.3 Dodging


You had 11 spell levels left.
You didn't know any spells.

Dungeon Overview and Level Annotations

Branches:
Dungeon (12/15)            Temple (0/1) D:6            Lair (0/8) D:8
    Orc (0/4) D:9

Altars:
Ashenzari
Dithmenos
Elyvilon
Gozag
Nemelex Xobeh
Sif Muna
Trog
Zin
The Shining One
Beogh

Shops:
D:7 [

Annotations:
D:12 Nessos


Innate Abilities, Weirdness & Mutations

You are too large for most types of armour.
You have tough skin (AC +1).
You have sharp fingernails.
You are partially covered in iridescent scales (AC +4).
You are partially covered in thin metallic scales (AC +2).
Your system is resistant to poisons.
Your muscles are strong. (Str +2)
You evolve.


Message History

* * * LOW HITPOINT WARNING * * *
Read which item? (? for menu, Esc to quit)
As you read the scroll of summoning, it crumbles to dust.
Wisps of shadow whirl around you...
Nessos shoots a poisoned arrow.
The poisoned arrow hits you!!
* * * LOW HITPOINT WARNING * * *
The poisoned arrow burns you.
* * * LOW HITPOINT WARNING * * *
You are lethally poisoned!
Drink which item? (? for menu, Esc to quit)
You feel better.
Nessos shoots a poisoned arrow.
The poisoned arrow hits you.
* * * LOW HITPOINT WARNING * * *
You are poisoned.
Drink which item? (? for menu, Esc to quit)
You feel better.
Nessos shoots a poisoned arrow.
The poisoned arrow hits you!
* * * LOW HITPOINT WARNING * * *
The poisoned arrow burns you.
* * * LOW HITPOINT WARNING * * *
Nessos shoots a poisoned arrow.
The poisoned arrow hits you!!
You die...

.....###........###.... ........
................## ##...
.........................# #...
.........................## ##...
..........................###....
............................=....
........###......................
.[.....# ##..(...........?......
.......# #..(Z@...<.)).........
.......## ##(.......))...........
(......[###.....a...))...........
..(.....(....c.5......)..........
.......)..................###....
§........................## #..
.......§.................# .
.........................#
...............###........


You could see Nessos, a friendly worker ant, a friendly quasit and a friendly
giant frog skeleton.

Vanquished Creatures
  Gastronok (D:8)
  Fannar (D:12)
  3 hill giants (D:11)
  Pikel (D:9)
  An orb spider (shapeshifter) (D:9)
  Maurice (D:10)
  The ghost of tijit the Cudgeler, an experienced DDAr (Ossuary)
  A centaur zombie (D:10)
  A gargoyle (D:12)
  2 trolls (D:9)
  A two-headed ogre (D:9)
  A trapdoor spider zombie (D:11)
  A basilisk (D:12)
  A vampire (D:9)
  2 wraiths
  9 slime creatures
  A deep elf mage (D:11)
  3 vampire mosquitoes (D:12)
  17 yaks
  A wyvern (D:9)
  A hungry ghost (D:9)
  3 ice beasts
  2 black bears (D:8)
  A slave (D:9)
  10 ogres
  7 orc warriors
  A yellow wasp (D:8)
  8 centaurs
  4 phantoms
  An eye of draining (D:10)
  2 big kobolds
  A wyvern zombie (Ossuary)
  2 gnoll sergeants
  11 giant frogs
  5 killer bees (D:8)
  5 scorpions
  4 wights (D:8)
  2 goliath beetles
  3 bog bodies (Ossuary)
  6 crimson imps
  7 giant frog zombies
  3 hounds
  12 orc wizards
  2 centaur skeletons (D:5)
  8 orc priests
  A jelly (D:8)
  6 iguanas
  8 worker ants
  A killer bee zombie (Ossuary)
  9 mummies
  3 worker ant zombies
  11 adders
  12 gnolls
  3 giant mites
  3 shadow imps
  4 worms
  3 adder zombies (Ossuary)
  2 adder skeletons
  6 giant geckos
  2 oozes
  51 orcs
  A bat skeleton (D:6)
  7 bat zombies
  A giant cockroach (D:5)
  11 hobgoblins
  6 jackals
  23 kobolds
  5 quokkas
  A ball python (D:4)
  16 bats
  2 giant cockroach zombies (Ossuary)
  A giant gecko skeleton (D:8)
  3 giant gecko zombies (Ossuary)
  12 goblins
  An orc zombie (D:12)
  2 quokka skeletons
  3 quokka zombies
  14 rats
395 creatures vanquished.

Vanquished Creatures (others)
  2 slaves (D:9)
  An orc priest (D:9)
  A worker ant (D:9)
  An orc (D:9)
  3 plants (Ossuary)
8 creatures vanquished.

Grand Total: 403 creatures vanquished

Notes
Turn   | Place    | Note
--------------------------------------------------------------
     0 | D:1      | Fiveotanaka, the Ogre Berserker, began the quest for the Orb.
     0 | D:1      | Reached XP level 1. HP: 24/24 MP: 1/1
    16 | D:1      | Reached XP level 2. HP: 28/32 MP: 2/2
   416 | D:1      | Upgraded the game from 0.16-a0-2592-g2996050 to 0.16-a0-2616-g125b968
   614 | D:1      | Reached XP level 3. HP: 32/39 MP: 3/3
   659 | D:1      | Acquired Trog's second power
   850 | D:1      | Reached skill level 5 in Maces & Flails
  1206 | D:2      | Found a shattered altar of Ashenzari.
  1425 | D:2      | Reached XP level 4. HP: 33/48 MP: 4/4
  1660 | D:2      | Found a shadowy altar of Dithmenos.
  2208 | D:3      | Found an opulent altar of Gozag.
  2600 | D:3      | Reached XP level 5. HP: 40/54 MP: 5/5
  3248 | D:4      | Reached skill level 6 in Maces & Flails
  3383 | D:4      | Reached XP level 6. HP: 56/62 MP: 6/6
  4085 | D:4      | Found a sparkling altar of Nemelex Xobeh.
  4126 | D:4      | Reached skill level 5 in Dodging
  4560 | D:5      | Entered Level 5 of the Dungeon
  4593 | D:5      | Reached skill level 7 in Maces & Flails
  4593 | D:5      | Reached XP level 7. HP: 50/70 MP: 7/7
  4868 | D:5      | Found a sand-covered staircase.
  4874 | Ossuary  | Entered an ossuary
  5234 | Ossuary  | Reached skill level 8 in Maces & Flails
  5346 | Ossuary  | Noticed tijit's ghost (experienced DDAr)
  5359 | Ossuary  | Reached XP level 8. HP: 78/78 MP: 8/8
  5375 | Ossuary  | Killed tijit's ghost
  5375 | Ossuary  | Reached skill level 9 in Maces & Flails
  5782 | D:5      | Reached skill level 10 in Maces & Flails
  5871 | D:5      | Acquired Trog's third power
  5967 | D:5      | Found a glowing silver altar of Zin.
  6217 | D:5      | Found a glowing golden altar of the Shining One.
  6227 | D:5      | Reached XP level 9. HP: 84/84 MP: 9/9
  6644 | D:6      | Reached skill level 11 in Maces & Flails
  6942 | D:6      | Got a slimy turquoise ring
  6943 | D:6      | Identified the ring "Loethe Gaonk" {+cTele rPois Slay-5} (You found it on level 6 of the Dungeon)
  7005 | D:6      | Found a staircase to the Ecumenical Temple.
  7039 | D:6      | Upgraded the game from 0.16-a0-2616-g125b968 to 0.16-a0-2622-gbfab2ba
  7139 | D:6      | Found a deep blue altar of Sif Muna.
  8077 | D:7      | Found Ecwued's Armour Emporium.
  8085 | D:7      | Bought the +0 cloak of Leapfrog {Str+2 Dex+3} for 264 gold pieces
  8207 | D:7      | Gained mutation: You are partially covered in iridescent scales (AC +4). [potion of beneficial mutation]
  8208 | D:7      | Gained mutation: You evolve. [potion of beneficial mutation]
  8244 | D:7      | Reached skill level 12 in Maces & Flails
  8379 | D:7      | Gained mutation: Your muscles are strong. (Str +2) [evolution]
  8689 | D:8      | Reached XP level 10. HP: 93/93 MP: 10/10
  8856 | D:8      | Found a staircase to the Lair.
  8871 | D:8      | Found a bloodstained altar of Trog.
  8942 | D:8      | Reached skill level 13 in Maces & Flails
  9157 | D:8      | Noticed Gastronok
  9180 | D:8      | Killed Gastronok
  9180 | D:8      | Reached skill level 14 in Maces & Flails
  9180 | D:8      | Reached skill level 10 in Dodging
  9225 | D:8      | Received a gift from Trog
  9599 | D:9      | Reached XP level 11. HP: 100/100 MP: 11/11
  9671 | D:9      | Reached skill level 15 in Maces & Flails
  9707 | D:9      | Noticed Pikel
  9717 | D:9      | Killed Pikel
  9722 | D:9      | Gained mutation: You have sharp fingernails. [evolution]
 10056 | D:9      | Found a white marble altar of Elyvilon.
 10129 | D:9      | Found a staircase to the Orcish Mines.
 10174 | D:9      | Noticed an orb spider
 10174 | D:9      | a spiny frog changed into an orb spider
 10181 | D:9      | Killed an orb spider
 10280 | D:9      | Reached skill level 16 in Maces & Flails
 10510 | D:10     | Entered Level 10 of the Dungeon
 10515 | D:10     | Gained mutation: Your system is resistant to poisons. [evolution]
 10639 | D:10     | Got a shimmering jade ring
 10660 | D:10     | Identified the ring "Plag Ekkukeh" {Wiz +Blink rElec Str+1} (You found it on level 10 of the Dungeon)
 10885 | D:10     | Noticed Maurice
 10900 | D:10     | Killed Maurice
 11073 | D:10     | Reached skill level 5 in Fighting
 11674 | D:11     | Received a gift from Trog
 11930 | D:11     | Noticed a hill giant
 11943 | D:11     | Killed a hill giant
 11943 | D:11     | Reached XP level 12. HP: 114/114 MP: 12/12
 12168 | D:11     | Reached skill level 17 in Maces & Flails
 12390 | D:11     | Found a roughly hewn altar of Beogh.
 12446 | D:11     | Noticed a hill giant
 12455 | D:11     | Killed a hill giant
 12670 | D:11     | Gained mutation: You are partially covered in thin metallic scales (AC +2). [evolution]
 12895 | D:12     | Noticed Fannar
 13174 | D:12     | Killed Fannar
 13174 | D:12     | Received a gift from Trog
 13220 | D:12     | Noticed Nessos
 13238 | D:12     | HP: 2/119 [Nessos/ poisoned arrow (22)]
 13240 | D:12     | Shot with a poisoned arrow by Nessos

Action                   |  1- 3 |  4- 6 |  7- 9 | 10-12 || total
-------------------------+-------+-------+-------+-------++-------
Melee: Mace              |   132 |    79 |       |       ||   211
       Flail             |       |   168 |   432 |   113 ||   713
       Great mace        |       |       |       |   468 ||   468
Invok: Berserk           |       |       |     4 |     2 ||     6
       Burn Spellbooks   |       |       |       |     1 ||     1
  Use: Scroll            |       |     8 |     9 |     6 ||    23
       Potion            |       |       |     3 |     3 ||     6
 Stab: Distracted        |       |       |     1 |       ||     1
       Sleeping          |       |       |     2 |     6 ||     8
  Eat: Chunk             |     1 |    11 |    10 |    18 ||    40
       Fruit             |       |       |     1 |       ||     1
       Bread ration      |       |       |     1 |     1 ||     2
       Meat ration       |       |       |     1 |       ||     1
